Map: Catalyst LE

Players

Lambo - Winner!

  • Race: Zerg Zerg
  • Spawn Location: 11:00

Ryung

  • Race: Terran Terran
  • League: Master
  • Spawn Location: 5:00

Event: Memes & Dreams Invitational

VOD

Have the link to the VOD?

Description

Time

  • Played on: April 14, 2018, 2:59 a.m.
  • Length: 15:44

All games in this series

Show
View Real Time Build Order
Export as new Build Order

Lambo Zerg - Winner!

Build Orders: Hatch First 

Get SALT Encoding   

  12  0:00  Drone  
  13  0:15  Overlord  
  13  0:17  Drone  
  14  0:33  Drone x2  
  16  0:48  Hatchery  
  15  0:51  Drone  
  15  0:56  Drone  
  17  0:59  Drone  
  18  1:10  Extractor  
  17  1:13  Spawning Pool  
  17  1:18  Drone  
  17  1:20  Drone  
  18  1:31  Drone  
  19  1:42  Drone  
  20  1:52  Overlord  
  20  2:00  Queen x2  
  20  2:01  Zergling x2  
  25  2:02  Zergling x2  
  26  2:09  Metabolic Boost  
  26  2:11  Drone  
  26  2:15  Drone  
  28  2:22  Drone  
  29  2:25  Drone  
  30  2:35  Drone  
  30  2:39  Queen x2  
  30  2:43  Overlord  
  34  2:45  Drone  
  35  3:05  Drone x3  
  38  3:06  Drone  
  38  3:08  Drone  
  40  3:13  Hatchery  
  40  3:14  Drone x2  
  41  3:23  Overlord  
  41  3:24  Drone x2  
  43  3:37  Overlord  
  43  3:41  Queen  
  45  3:44  Drone x4  
  49  3:50  Zergling x4  
  49  3:52  Overlord  
  51  3:56  Zergling x4  
  51  4:00  Drone x2  
  55  4:04  Drone  
  55  4:08  Lair  
  56  4:11  Roach Warren  
  56  4:14  Drone x2  
  57  4:19  Drone x2  
  57  4:21  Overlord  
  59  4:24  Queen  
  59  4:25  Overlord  
  59  4:29  Overlord  
  59  4:31  Overlord  
  61  4:32  Zergling x2  
  61  4:33  Drone  
  61  4:37  Drone x2  
  65  4:43  Drone x2  
  65  4:44  Drone  
  68  4:47  Overlord  
  67  4:54  Extractor, Roach x4  
  67  4:56  Extractor  
  67  4:59  Drone  
  74  5:01  Overlord  
  74  5:04  Drone x2, Spore Crawler  
  74  5:05  Drone x2  
  77  5:11  Zergling x2, Roach x2  
  77  5:12  Zergling x4  
  80  5:16  Spore Crawler  
  80  5:17  Roach  
  80  5:23  Roach x2  
  80  5:27  Drone  
  71  5:32  Drone  
  71  5:34  Overseer  
  69  5:38  Drone  
  69  5:39  Drone x2  
  69  5:40  Overlord  
  69  5:41  Drone x3  
  73  5:43  Drone x3  
  73  5:49  Evolution Chamber  
  75  5:50  Evolution Chamber  
  75  5:54  Queen  
  76  5:59  Overlord  
  76  6:02  Queen  
  76  6:04  Drone x2  
  80  6:08  Spore Crawler  
  80  6:09  Overlord, Queen  
  81  6:11  Drone  
  81  6:13  Extractor  
  81  6:15  Drone x2  
  81  6:16  Zerg Missile Weapons Level 1  
  83  6:21  Drone, Zerg Ground Armor Level 1  
  83  6:23  Drone  
  85  6:27  Drone  
  85  6:29  Drone x3, Glial Reconstitution  
  85  6:31  Drone  
  90  6:33  Drone  
  90  6:34  Extractor  
  90  6:35  Extractor, Drone  
  90  6:39  Drone  
  92  6:40  Drone x2  
  92  6:42  Overlord  
  92  6:44  Queen  
  92  6:46  Drone x2  
  97  6:50  Baneling Nest  
  97  6:52  Drone  
  97  6:53  Overlord  
  97  7:03  Overlord  
  97  7:04  Overlord  
  101  7:08  Roach x2  
  101  7:11  Hatchery  
  101  7:13  Infestation Pit  
  101  7:14  Roach x2  
  101  7:15  Roach  
  105  7:18  Overlord  
  105  7:25  Drone x2  
  105  7:26  Drone x5  
  105  7:29  Roach  
  113  7:31  Ravager  
  113  7:32  Ravager x3  
  113  7:33  Centrifical Hooks  
  117  7:39  Drone x3  
  117  7:41  Baneling x3  
  120  7:44  Zergling x2  
  120  7:45  Zergling x8  
  125  7:53  Zergling x2  
  125  7:57  Zergling x4  
  125  7:58  Zergling x6  
  131  8:00  Hive  
  131  8:02  Zergling x4  
  131  8:03  Zergling x2  
  134  8:09  Zergling x4  
  130  8:15  Roach  
  130  8:16  Zergling x4, Roach  
  130  8:18  Baneling x5  
  130  8:19  Roach  
  138  8:25  Zergling x2, Roach x2  
  139  8:31  Zerg Ground Armor Level 2  
  139  8:32  Zerg Melee Weapons Level 1  
  139  8:36  Zergling x10  
  139  8:38  Overlord  
  142  8:43  Overlord  
  142  8:44  Overlord  
  139  8:49  Baneling  
  139  8:50  Overlord  
  139  8:54  Overlord  
  139  8:56  Overlord  
  139  8:57  Overlord  
  139  8:59  Overlord  
  139  9:00  Overlord x2  
  139  9:01  Baneling x9  
  139  9:02  Baneling x3, Queen  
  141  9:08  Zergling x6  
  143  9:13  Zergling x14  
  150  9:19  Zergling x6  
  150  9:23  Viper x2  
  159  9:25  Ravager  
  159  9:27  Ultralisk Cavern  
  159  9:28  Baneling  
  159  9:29  Hatchery  
  159  9:30  Zergling x2  
  159  9:31  Zergling x8  
  162  9:38  Zergling x4  
  161  9:45  Zergling x4  
  153  9:47  Zergling x2  
  148  9:53  Zergling x14  
  148  9:54  Zergling x2  
  154  10:01  Zergling x8  
  154  10:06  Zergling x2  
  145  10:08  Baneling x23  
  141  10:15  Zergling x14  
  141  10:16  Baneling x3  
  141  10:17  Baneling x4  
  141  10:20  Roach x3  
  154  10:21  Baneling x2  
  154  10:24  Zergling x6  
  154  10:27  Zergling x4  
  150  10:30  Zergling x4  
  150  10:33  Zergling x2  
  151  10:35  Zergling x4  
  151  10:38  Overlord  
  152  10:42  Zergling x2  
  143  10:50  Zergling x12  
  143  10:54  Zergling x2  
  125  10:57  Roach  
  125  10:58  Chitinous Plating  
  125  11:01  Viper  
  125  11:05  Viper  
  128  11:12  Ultralisk  
  128  11:14  Drone x3  
  137  11:19  Drone x3  
  137  11:21  Ravager x2  
  137  11:25  Ravager  
  143  11:27  Zergling x12  
  149  11:34  Zergling x12  
  155  11:42  Zergling x8  
  155  11:43  Zergling x4  
  160  11:54  Ultralisk  
  157  11:58  Zergling x2  
  157  11:59  Zergling x18  
  154  12:04  Ravager x5  
  154  12:08  Drone x3, Zergling x2  
  160  12:09  Zergling x8  
  160  12:10  Baneling  
  160  12:15  Zergling x6  
  168  12:18  Overseer  
  168  12:20  Ultralisk  
  174  12:23  Zergling x2  
  174  12:24  Zergling x6  
  174  12:27  Zergling x4  
  174  12:28  Zergling x2  
  181  12:37  Ultralisk  
  187  12:45  Spore Crawler, Adrenal Glands  
  187  12:50  Zergling x2  
  187  12:51  Zergling x20  
  197  12:55  Zergling x2, Roach  
  197  12:57  Baneling x6  
  199  13:08  Zerg Melee Weapons Level 2  
  198  13:13  Overlord  
  198  13:15  Baneling x6, Overlord  
  198  13:20  Overlord  
  198  13:24  Baneling x4  
  198  13:25  Zergling x4  
  199  13:28  Baneling x3  
  199  13:29  Baneling x2  
  199  13:31  Overlord  
  177  13:44  Zergling x32  
  177  13:45  Zergling x12  
  158  13:51  Viper  
  158  13:53  Ultralisk  
  141  13:56  Zergling x10  
  141  14:00  Zergling x8  
  150  14:04  Baneling x6  
  150  14:06  Baneling x2  
  150  14:07  Zergling x8  
  152  14:11  Zergling x6  
  147  14:20  Zergling x14  
  147  14:23  Zergling x4  
  131  14:27  Ultralisk  
  131  14:29  Zergling x6  
  136  14:35  Zergling x8  
  136  14:36  Overseer  
  130  14:46  Zergling x2  
  130  14:47  Zergling x12  
  134  14:52  Zergling x2  
  134  14:53  Zergling x8  
  134  14:57  Ultralisk  
  139  15:06  Overseer  
  133  15:07  Baneling x4  
  133  15:10  Hatchery  
  133  15:13  Roach x4  
  140  15:15  Zergling x6  
  140  15:17  Baneling x3  
  143  15:21  Zergling x6  
  143  15:27  Zergling x8  
Show
View Real Time Build Order
Export as new Build Order

Ryung Terran 

Build Orders: Gas First Reaper Expand, Reaper Expand, Bio Tank, Hellion Banshee 

Get SALT Encoding   

  12  0:01  SCV  
  13  0:13  SCV  
  14  0:17  Supply Depot  
  14  0:25  SCV  
  15  0:31  Refinery  
  15  0:39  SCV  
  16  0:47  Barracks  
  16  0:51  SCV  
  17  1:03  SCV  
  18  1:15  SCV  
  19  1:34  Orbital Command  
  19  1:35  Reaper  
  20  1:44  Command Center  
  20  1:56  Factory  
  20  2:00  SCV  
  21  2:09  Barracks Reactor  
  21  2:12  SCV  
  22  2:17  Supply Depot  
  22  2:21  Refinery  
  22  2:24  SCV  
  23  2:39  SCV  
  24  2:48  Starport  
  24  2:51  SCV  
  25  2:52  Hellion x2  
  25  2:57  Orbital Command  
  29  3:00  Barracks Tech Lab  
  29  3:03  SCV  
  30  3:15  Hellion x2  
  30  3:18  SCV  
  35  3:24  SCV  
  36  3:30  SCV, Viking  
  39  3:38  Supply Depot  
  39  3:39  SCV  
  40  3:42  Hellion, SCV  
  40  3:46  Hellion  
  45  3:49  Cloaking Field  
  45  3:53  SCV  
  46  3:59  SCV  
  46  4:01  Supply Depot, Banshee  
  50  4:12  Armory  
  50  4:16  Hellion x2  
  54  4:25  SCV x2  
  54  4:27  Supply Depot  
  54  4:28  Barracks Tech Lab  
  56  4:37  Hellion x2, SCV x2  
  62  4:40  Supply Depot  
  62  4:48  Banshee  
  65  4:54  Stimpack, SCV x2  
  67  5:07  Command Center  
  67  5:12  SCV  
  67  5:13  Factory Reactor, SCV  
  65  5:14  Marine  
  60  5:32  SCV x2  
  60  5:34  Barracks  
  55  5:36  Barracks  
  55  5:39  Engineering Bay  
  55  5:41  Refinery, Engineering Bay  
  55  5:42  Refinery  
  49  5:44  SCV x2  
  49  5:47  Starport Reactor  
  49  5:48  Marine  
  52  5:56  SCV x2  
  54  5:57  Barracks, Siege Tank  
  54  5:58  Barracks  
  57  6:08  Marine, SCV x2  
  57  6:09  Terran Infantry Weapons Level 1, Terran Infantry Armor Level 1  
  60  6:19  Orbital Command  
  60  6:20  SCV  
  60  6:21  SCV  
  60  6:22  Terran Vehicle Weapons Level 1  
  62  6:25  Marine x2  
  62  6:30  Siege Tank  
  62  6:31  Marine x3  
  70  6:33  SCV x2  
  70  6:35  Supply Depot  
  70  6:39  Medivac  
  74  6:43  Marine  
  74  6:45  Medivac  
  77  6:48  Orbital Command  
  77  6:52  Marine x3  
  77  6:53  Barracks Reactor  
  80  6:54  Barracks Reactor  
  80  6:55  Marine  
  80  6:56  SCV  
  80  6:57  SCV  
  83  7:01  Supply Depot x2, Marine  
  83  7:02  Supply Depot  
  83  7:06  Siege Tank  
  87  7:10  SCV x2  
  87  7:11  Refinery  
  87  7:12  Marine x2  
  87  7:14  Combat Shields  
  87  7:15  Refinery  
  91  7:19  SCV  
  91  7:22  SCV x2  
  94  7:25  Marine x3  
  94  7:27  Medivac  
  99  7:30  Marine, Supply Depot  
  99  7:34  Marine x2, Medivac  
  99  7:35  Marine x3  
  107  7:38  SCV  
  107  7:39  SCV  
  107  7:40  SCV  
  107  7:43  Marine x3  
  113  7:48  Marine  
  113  7:49  Siege Tank  
  117  7:52  Marine x3  
  117  7:53  Marine  
  121  8:01  SCV  
  121  8:02  SCV x2  
  124  8:08  Marine x4  
  124  8:11  Marine x2  
  128  8:15  Medivac x2  
  128  8:16  Marine  
  133  8:21  Supply Depot  
  133  8:22  Supply Depot  
  133  8:23  Supply Depot  
  133  8:24  Marine  
  133  8:25  Marine  
  133  8:26  Marine  
  133  8:32  Terran Infantry Weapons Level 2  
  133  8:37  Terran Infantry Armor Level 2  
  133  8:41  Factory  
  133  8:42  Marine x7  
  133  8:47  Marine x2  
  138  8:52  Siege Tank  
  138  8:54  SCV x3  
  144  9:00  Marine x2, Liberator, Marauder  
  144  9:02  Marine x3  
  151  9:12  Marine x3, Liberator  
  154  9:23  Supply Depot  
  157  9:24  Supply Depot  
  157  9:25  Supply Depot  
  157  9:26  Supply Depot  
  157  9:27  Factory Tech Lab  
  157  9:29  Marine  
  157  9:30  Marauder  
  163  9:34  Terran Vehicle And Ship Armor Level 1  
  163  9:40  Marine x2  
  163  9:43  Marine  
  163  9:44  Marine  
  163  9:45  Marine x2  
  164  9:49  Siege Tank x2  
  164  9:51  Marine x2, Marauder  
  171  9:57  Marine x2  
  171  9:58  Liberator  
  160  10:01  Marine  
  160  10:02  Marine  
  160  10:03  Marine x2  
  148  10:08  Marine x2  
  148  10:12  Marine  
  143  10:15  Marine x2  
  143  10:19  Marine  
  143  10:20  Marine x3  
  143  10:21  Siege Tank  
  151  10:26  Supply Depot, Marine x2, Siege Tank  
  153  10:30  Marine  
  153  10:33  Marine x2  
  156  10:36  Marine  
  156  10:38  Marine x2  
  159  10:49  Marine x2  
  150  10:50  Marine x2  
  150  10:55  Marine x3  
  150  10:56  Marine  
  123  10:58  Siege Tank  
  123  10:59  Terran Infantry Armor Level 3, Terran Infantry Weapons Level 3  
  123  11:05  Command Center  
  123  11:11  Siege Tank  
  125  11:21  Marine x9  
  134  11:32  Siege Tank  
  137  11:39  Marine x7  
  144  11:45  Marine x2, Liberator  
  144  11:46  Liberator  
  135  11:56  Marine x4  
  135  11:57  Marine x3  
  134  12:03  Marine x2  
  134  12:04  Ghost Academy  
  141  12:14  Marine x3  
  144  12:15  Barracks x2  
  144  12:16  Barracks  
  144  12:32  Marine x6  
  144  12:33  Marine  
  144  12:34  Marine  
  144  12:35  Siege Tank, Liberator x2  
  157  12:38  Siege Tank  
  157  12:41  Planetary Fortress  
  157  12:43  SCV x3  
  167  13:02  Terran Ship Weapons Level 1  
  167  13:04  Barracks Tech Lab x3  
  166  13:07  Refinery  
  166  13:08  Refinery  
  166  13:10  Sensor Tower  
  166  13:11  Missile Turret  
  159  13:16  Command Center  
  159  13:25  Ghost x4  
  167  13:33  Starport  
  167  13:34  Barracks Tech Lab  
  161  13:48  Marine x4  
  135  13:53  Ghost  
  135  13:54  Ghost x2  
  137  14:05  Marine x3  
  137  14:07  Marine x2  
  142  14:11  Marine x3  
  140  14:22  Marine x2  
  140  14:23  Marine x3  
  140  14:24  Marine  
  120  14:25  Marine x2  
  123  14:31  Marine x3  
  126  14:40  Marine x3  
  126  14:42  Marine x4  
  126  14:43  Marine  
  114  14:49  Marine  
  103  14:53  Marine x2  
  103  14:58  Marine x3  
  102  15:00  Marine x5  
  95  15:07  Marine  
  96  15:14  Ghost  
  102  15:23  Marine x7  
Tags
 
Add a new tag
Caveats
  • Supply blocks, unpowered buildings, or Contaminate may cause inaccurate times.
  • Supply counts are checked every 10 seconds.